 Dungeon Sprint DCSS version 0.29.1-15-g9cfb28693d (webtiles) character file.

Game seed: 12435104288279676685

440 LynnLen the Jinx (level 6, -2/33 HPs)
             Began as a Spriggan Enchanter on Aug 11, 2023.
             Was an Initiate of Dithmenos.
             Slain by Sonja
             ... wielding a +2 dagger of distortion
              (5 damage)
             ... in the Dungeon (Sprint I: "Red Sonja").
             The game lasted 00:01:30 (149 turns).

LynnLen the Jinx (Spriggan Enchanter)                Turns: 149, Time: 00:01:30

Health: -2/33      AC:  2    Str:  6    XL:     6   Next: 70%
Magic:  15/19      EV: 21    Int: 16    God:    Dithmenos [......]
Gold:   297        SH:  0    Dex: 16    Spells: 15/23 levels left

rFire   . . .      SeeInvis +   a - +1 dagger
rCold   . . .      Faith    .   (no shield)
rNeg    . . .      Spirit   .   b - +0 robe
rPois   .          Reflect  .   (helmet restricted)
rElec   .          Harm     .   (no cloak)
rCorr   .          Rampage  .   (gloves unavailable)
Will    +....      NoTele   +   (boots unavailable)
Stlth   ++++......              (no amulet)
HPRegen 0.11/turn               (no ring)
MPRegen 0.16/turn               (no ring)

@: lethally poisoned (-2 -> -9), slowed, quick
A: very small, no large weapons, unfitting armour, see invisible, speed 3
a: Renounce Religion


You were in the Dungeon.
You worshipped Dithmenos.
Dithmenos was noncommittal.
You visited 1 branch You collected 297 gold pieces.

Inventory:

Hand Weapons
 a - a +1 dagger (weapon)
Armour
 b - a +0 robe (worn)
Wands
 j - a wand of iceblast (3)
 k - a wand of light (9)
Scrolls
 i - a scroll of blinking
Potions
 c - a potion of invisibility
 d - a potion of curing
 e - a potion of heal wounds
 f - a potion of haste
 g - 2 potions of magic
 h - a potion of berserk rage
 l - a potion of attraction {unknown}


   Skills:
 + Level 4.0 Fighting
 + Level 5.5 Short Blades
 + Level 7.0 Dodging
 + Level 9.2 Stealth
 * Level 9.1 Spellcasting
 * Level 9.5 Hexes
 * Level 0.0 Ice Magic


You had 15 spell levels left.
You knew the following spells:

 Your Spells              Type           Power      Damage    Failure   Level
a - Ensorcelled Hibernat  Hex/Ice        44%        N/A       2%          2
b - Confusing Touch       Hex            37%        N/A       1%          3
c - Tukima's Dance        Hex            37%        N/A       1%          3

Your spell library contained the following spells:

 Spells                   Type           Power      Damage    Failure   Level
 Dazzling Flash           Conj/Hex       44%        N/A       4%          3
 Apportation              Tloc           14%        N/A       10%         1
 Necrotise                Necr           28%        1d5       10%         1
 Summon Small Mammal      Summ           28%        N/A       10%         1


Dungeon Overview and Level Annotations

Branches:
Dungeon (1/1)

Altars:
Cheibriados
Dithmenos
Elyvilon
Fedhas
Gozag
Hepliaklqana
Kikubaaqudgha
Nemelex Xobeh
Okawaru
Qazlal
Ru
Sif Muna
Trog
Uskayaw
Vehumet
Wu Jian
Yredelemnul
Zin
The Shining One

Shops:
D *

Annotations:
D Sonja


Innate Abilities, Weirdness & Mutations

You are very small and have problems with some larger weapons.
You are too small for most types of armour.
You have supernaturally acute eyesight. (SInv)
You cover ground extremely quickly. (Speed+++)


Message History

Dithmenos welcomes you!
There is a sacrificial altar of Ru here.
There is a snail-covered altar of Cheibriados here.
There is an entrance to Quumpow's General Store here.
You see here a yak corpse.
There is an open door here.
There is a radiant altar of Vehumet here.
As you open the door, it creaks loudly!
Sonja, the Graceful Assassin comes into view.
She is wielding a +2 dagger of distortion and quivering curare-tipped darts.
Sonja shouts!
Sonja throws a curare-tipped dart.
The curare-tipped dart hits you.
You are poisoned.
You have difficulty breathing.
You feel yourself slow down.
Found 54 gold pieces.
Found 54 gold pieces.
You feel very sick.
Sonja drinks a potion.
Sonja seems to speed up.
There is an open door here.
Aiming: Ensorcelled Hibernation (safe; 2% risk of failure)
Press: ? - help, Q - select action, (/) - cycle Shift-Dir - straight line, f - Sonja
Aim: Sonja, wielding a +2 dagger of distortion and quivering curare-tipped darts (fast, chance to affect: 63%) Sonja resists with significant effort.
You feel very sick.
Sonja throws a curare-tipped dart.
The curare-tipped dart misses you.
Sonja throws a curare-tipped dart.
The curare-tipped dart misses you.
Aiming: Ensorcelled Hibernation (safe; 2% risk of failure)
Press: ? - help, Q - select action, (/) - cycle Shift-Dir - straight line, f/p - Sonja
Aim: Sonja, wielding a +2 dagger of distortion and quivering curare-tipped darts (fast, chance to affect: 63%) Sonja resists with significant effort.
You feel very sick. Sonja barely misses you.
Sonja hits you with a +2 dagger of distortion.
Space warps around you!
* * * LOW HITPOINT WARNING * * *
Sonja misses you. Sonja completely misses you.
Sonja hits you with a +2 dagger of distortion.
* * * LOW HITPOINT WARNING * * *
Sonja closely misses you.
Sonja hits you with a +2 dagger of distortion.
You die...

#<.#.)'..#.)'..#
#..'..#).'..#..+
#..#####'#####'#
#..####..#...#.#
#..#__####..##.#
#..#_____##'#_.+
#⌠⌠#_.∩..†'..._#
####_..__##_.#+#
#_____###@#
####### #K# $.$
#$.$# ##.## #+#


You could see Sonja (fast).

Vanquished Creatures
  Sigmund (D)
  A yak (D)
  An ogre (D)
  A jelly (D)
  Ijyb (D)
5 creatures vanquished.

Notes
Turn   | Place    | Note
-------+----------+-------------------------------------------
     0 | D        | LynnLen the Spriggan Enchanter began the quest for the Orb.
     0 | D        | Reached XP level 1. HP: 9/9 MP: 5/5
     3 | D        | Noticed Ijyb
    11 | D        | Killed Ijyb
    12 | D        | Reached skill level 1 in Fighting
    12 | D        | Reached skill level 5 in Stealth
    12 | D        | Reached skill level 5 in Hexes
    12 | D        | Reached XP level 2. HP: 14/14 MP: 6/8
    14 | D        | Noticed an ogre
    20 | D        | Killed an ogre
    21 | D        | Reached XP level 3. HP: 19/19 MP: 6/11
    21 | D        | Reached XP level 4. HP: 23/23 MP: 7/13
    22 | D        | Noticed Sigmund
    25 | D        | Killed Sigmund
    26 | D        | Reached XP level 5. HP: 28/28 MP: 9/16
    26 | D        | Reached XP level 6. HP: 32/32 MP: 9/17
    32 | D        | Learned a level 2 spell: Ensorcelled Hibernation
    36 | D        | Learned a level 3 spell: Confusing Touch
    40 | D        | Learned a level 3 spell: Tukima's Dance
    91 | D        | Found an ornate altar of the Wu Jian Council.
    91 | D        | Found a shimmering blue altar of Sif Muna.
    93 | D        | Found a radiant altar of Vehumet.
    98 | D        | Reached skill level 5 in Short Blades
   126 | D        | Found Quumpow's General Store.
   126 | D        | Found an ancient bone altar of Kikubaaqudgha.
   126 | D        | Found a hazy altar of Hepliaklqana.
   126 | D        | Found a stormy altar of Qazlal.
   126 | D        | Found a hide-covered altar of Uskayaw.
   126 | D        | Found a blossoming altar of Fedhas.
   126 | D        | Found a bloodstained altar of Trog.
   126 | D        | Found an iron altar of Okawaru.
   126 | D        | Found a basalt altar of Yredelemnul.
   126 | D        | Found a glowing golden altar of the Shining One.
   126 | D        | Found a snail-covered altar of Cheibriados.
   126 | D        | Found a sacrificial altar of Ru.
   126 | D        | Found a glowing silver altar of Zin.
   126 | D        | Found a shadowy altar of Dithmenos.
   126 | D        | Found a white marble altar of Elyvilon.
   126 | D        | Noticed a yak
   127 | D        | Found an opulent altar of Gozag.
   128 | D        | Killed a yak
   129 | D        | Found a sparkling altar of Nemelex Xobeh.
   136 | D        | Became a worshipper of Dithmenos the Shadowed
   146 | D        | Noticed Sonja
   149 | D        | Slain by Sonja

Illustrated notes

Levels and vault maps discovered:
D:        dungeon_sprint_1 [red_sonja_temple_1, red_sonja_temple_small_1]

Skill      XL: |  1  2  3  4  5  6 |
---------------+-------------------+-----
Fighting       | 1 2 3 4 |  4.0
Short Blades   | 2 3 4 5 |  5.5
Dodging        | 3 4 6 7 |  7.0
Stealth        | 5 6 8 9 |  9.2
Spellcasting   | 4 6 7 9 |  9.1
Hexes          | 5 6 8 9 |  9.5

Action                   |  1- 3 |  4- 6 || total
-------------------------+-------+-------++-------
Melee: Dagger            |    10 |     3 ||    13
 Cast: Ensorcelled Hiber |       |     2 ||     2
  Use: Potion            |     1 |       ||     1
 Stab: Invisible         |     2 |       ||     2
       Sleeping          |     1 |     3 ||     4
Armor: Robe              |     1 |       ||     1
Dodge: Dodged            |     6 |     6 ||    12
